 Dungeon Crawl Stone Soup version 0.28.0-43-g3370ac3207 (webtiles) character file.

Game seed: 3042748702178731942

8855 protoss039 the Fighter (level 11, 0/139 HPs)
             Began as a Djinni Fire Elementalist on Mar 25, 2022.
             Was a Priest of Makhleb.
             Slain by an entropy weaver simulacrum (9 damage)
             ... in an ice cave.
             The game lasted 00:30:10 (17040 turns).

protoss039 the Fighter (Djinni Fire Elementalist)  Turns: 17040, Time: 00:30:11

Health: 0/139      AC: 25    Str:  7    XL:     11   Next: 63%
Gold:   955        EV:  2    Int: 22    God:    Makhleb [***...] SH:  0 Dex: 13

rFire   + . .      SeeInvis .   p - +1 falchion (flame)
rCold   + . .      Faith    .   (no shield)
rNeg    . . .      Spirit   .   (armour currently unavailable)
rPois   ∞          Reflect  .   (helmet currently unavailable)
rElec   +          Harm     .   (cloak currently unavailable)
rCorr   +          Rampage  .   (gloves currently unavailable)
Will    +....      NoTele   +   (boots unavailable)
Stlth   ++........              (no amulet)
HPRegen 0.33/turn               (no ring)
MPRegen 0.00/turn               (no ring)

@: mighty, tree-form, resistant, hasted, very quick
A: stationary, stasis, torment immunity, boosted hp, sickness immunity, (fire
resistance 2), (cold vulnerability 1), float, innate caster, HP casting, extra
vitality 1
a: Renounce Religion, Minor Destruction, Lesser Servant of Makhleb


You were in an ice cave.
You worshipped Makhleb.
Makhleb was most pleased with you.
You were a tree.
You visited 2 branches of the dungeon, and saw 12 of its levels.
You also visited: Ossuary and Ice Cave.

You collected 955 gold pieces.

Inventory:

Hand Weapons
 p - a +1 falchion of flaming (weapon)
 t - a +4 short sword of holy wrath
 y - a +1 scimitar of freezing
Armour
 m - a +2 robe of willpower (melded)
 G - a +2 hat of intelligence (melded)
Wands
 o - a wand of mindburst (20)
 z - a wand of polymorph (12)
Scrolls
 a - a scroll of enchant armour {unknown}
 b - 11 scrolls of teleportation
 c - 2 scrolls of fear {unknown}
 d - a scroll of blinking {unknown}
 e - 2 scrolls of holy word
 i - 2 scrolls of fog {unknown}
 j - a scroll of torment {unknown}
 u - 2 scrolls of immolation
 x - a scroll of magic mapping {unknown}
 C - a scroll of vulnerability {unknown}
 D - a scroll of amnesia {unknown}
 E - 3 scrolls of enchant weapon {unknown}
Potions
 f - a potion of berserk rage {unknown}
 g - a potion of haste
 h - a potion of cancellation {unknown}
 k - 3 potions of might
 l - 2 potions of resistance
 q - 2 potions of flight {unknown}
 r - 4 potions of brilliance
 s - a potion of curing
 v - 2 potions of attraction
 w - a potion of heal wounds {unknown}
 A - 2 potions of invisibility {unknown}
 B - a potion of mutation {unknown}
 F - a potion of lignification


   Skills:
 * Level 13.7 Fighting
 - Level 3.0 Short Blades
 - Level 3.0 Dodging
 - Level 3.0 Stealth
 - Level 6.0 Spellcasting
 - Level 6.0 Invocations


You couldn't memorise any spells.
You knew the following spells:

 Your Spells              Type           Power      Damage    Failure   Level
a - Foxfire               Conj/Fire      100%       2x1d9     1%          1
b - Scorch                Fire           66%        2d8       1%          2
c - Conjure Flame         Conj/Fire      33%        6-21      2%          3
d - Inner Flame           Hex/Fire       33%        N/A       2%          3
e - Flame Wave            Conj/Fire      33%        2d8       8%          4
f - Summon Small Mammal   Summ           100%       N/A       1%          1
g - Searing Ray           Conj           66%        2d6       1%          2
h - Lesser Beckoning      Tloc           33%        N/A       2%          3
i - Ice Form              Ice/Tmut       33%        N/A       8%          4
j - Animate Armour        Summ/Erth      66%        N/A       8%          4
Your spell library was empty.

Dungeon Overview and Level Annotations

Branches:
Dungeon (11/15)            Temple (1/1) D:7            Lair (0/6) D:10
    Orc (0/2) D:10        Ossuary (visited)           IceCv (1/1)

Altars:
Ashenzari
Cheibriados
Dithmenos
Elyvilon
Fedhas
Gozag
Hepliaklqana
Kikubaaqudgha
Makhleb
Nemelex Xobeh
Okawaru
Qazlal
Ru
Sif Muna
Trog
Uskayaw
Vehumet
Wu Jian
Xom
Yredelemnul
Zin
The Shining One

Shops:
D:6 (   D:10 [   D:11 (

Annotations:
D:4 2 transporters
D:6 1 runed translucent door, Olga's ghost, novice HuCj
D:7 1 exclusion IceCv exclusion: 2 ice statues


Innate Abilities, Weirdness & Mutations

You are a tree.
Your roots penetrate the ground, keeping you stationary.
You cannot be teleported.
You are immune to unholy pain and torment.
Your maximum health is greatly increased.
Your equipment is partially melded.
You are immune to sickness and miasma.
You are immune to poison.
((Your flesh is very heat resistant. (rF++)))
((You are vulnerable to cold. (rC-)))
You float through the air rather than walking.
You learn spells naturally, not from books.
Your magical power is your life essence.
You have superior vitality. (+4 MHP)


Message History

Press: ? - help, Dir - look around, f - activate A wave of flame ripples out!
The flame wave engulfs the ice devil!
The ice devil is burned terribly!
The ice devil is moderately wounded.
The flame wave engulfs the harpy simulacrum!
The harpy simulacrum melts!
The harpy simulacrum vaporises!
Makhleb accepts your kill.
You feel better.
You hear a sizzling sound! (Press . to intensify the flame waves.)
* * * LOW HITPOINT WARNING * * *
The ice devil hits you but does no damage.
Casting: Flame Wave (dangerous; 8% risk of failure)
Confirm with . or Enter, or press ? or * to list all spells.
Restarting spell: Flame Wave (dangerous; 8% risk of failure)
Press: ? - help, Dir - look around, f - activate A wave of flame ripples out!
The flame wave engulfs the ice devil!
The ice devil is burned terribly!
The ice devil is heavily wounded.
The flame wave engulfs the entropy weaver simulacrum.
The entropy weaver simulacrum is lightly damaged. (Press . to intensify the flame waves.)
* * * LOW HITPOINT WARNING * * *
The ice devil hits you but does no damage.
Unknown command.
Casting: Flame Wave (dangerous; 8% risk of failure)
Confirm with . or Enter, or press ? or * to list all spells.
Restarting spell: Flame Wave (dangerous; 8% risk of failure)
Press: ? - help, Dir - look around, f - activate A wave of flame ripples out!
The flame wave engulfs the ice devil but does no damage.
The ice devil is heavily wounded.
The flame wave engulfs the entropy weaver simulacrum!!
The entropy weaver simulacrum melts!
The entropy weaver simulacrum is severely damaged. (Press . to intensify the flame waves.)
* * * LOW HITPOINT WARNING * * *
The entropy weaver simulacrum hits you!
You die...

###### ###.....### ###
#.........## # #.#
####.........## #+#.#+#'#
#.#⌠.#.........8# # ........+
#.'=.#♣........########
8.8.8.8.########4Z........##..##.
.............#...................
.............'.....⌠.............
.............#..............##...
8.8.8.8.########..........######.
........+ )4#.........## ##
#+#.#+#+# #⌠.#.........8# # #.
####.........##


You could see an ice devil and an entropy weaver simulacrum.

Vanquished Creatures
  Gastronok (D:10)
  3 two-headed ogres
  An unseen horror (D:11)
  2 ice devils (IceCv)
  A vampire (D:11)
  A steam dragon (D:10)
  2 vampire mosquitoes (D:11)
  A harpy simulacrum (IceCv)
  A water moccasin (D:7)
  Duvessa (D:5)
  A hornet zombie (D:6)
  7 orc warriors
  A sky beast (D:7)
  A necrophage (D:5)
  2 black bears
  An ogre (D:6)
  2 centaurs (D:9)
  3 phantoms
  3 bullfrogs
  2 kobold brigands
  3 scorpions
  Dowan (D:5)
  3 killer bees (D:7)
  2 electric eels (D:8)
  9 howler monkeys
  2 bullfrog zombies
  3 centaur zombies
  10 orc priests
  A gnoll shaman (D:8)
  4 hounds
  3 jellies
  A bullfrog skeleton (D:6)
  An iron imp (D:9)
  10 orc wizards
  A polar bear simulacrum (IceCv)
  Terence (D:2)
  A spriggan simulacrum (IceCv)
  A troll simulacrum (IceCv)
  2 wolf simulacra (IceCv)
  A hound skeleton (D:4)
  8 mummies (Ossuary)
  A howler monkey zombie (D:5)
  Robin (D:2)
  4 gnolls (D:8)
  A naga simulacrum (IceCv)
  5 adders
  4 white imps
  An ufetubus (D:5)
  5 worms
  2 dart slugs
  31 orcs
  8 endoplasms
  2 giant cockroaches
  18 goblins
  9 hobgoblins
  3 jackals (D:1)
  5 quokkas
  4 ball pythons
  8 bats
  4 frilled lizards
  A gnoll zombie (Ossuary)
  3 hobgoblin zombies (Ossuary)
  12 kobolds
  2 kobold zombies (Ossuary)
  2 orc zombies (Ossuary)
  A quokka skeleton (D:4)
  7 rats
249 creatures vanquished.

Vanquished Creatures (collateral kills)
  3 foxfires (D:8)
3 creatures vanquished.

Vanquished Creatures (others)
  895 foxfires
  18 plants
913 creatures vanquished.

Grand Total: 1165 creatures vanquished

Notes
Turn   | Place    | Note
-------+----------+-------------------------------------------
     0 | D:1      | protoss039 the Djinni Fire Elementalist began the quest for
                  | the Orb.
     0 | D:1      | Reached XP level 1. HP: 15/15 MP: 0/0
   448 | D:1      | Reached XP level 2. HP: 14/21 MP: 0/0
  1314 | D:1      | Reached XP level 3. HP: 23/26 MP: 0/0
  1314 | D:1      | Learned a level 1 spell: Summon Small Mammal
  1656 | D:2      | Reached skill level 1 in Fighting
  1892 | D:2      | Found a faded altar of an unknown god.
  1998 | D:2      | Noticed Terence
  2018 | D:2      | Killed Terence
  2019 | D:2      | Reached XP level 4. HP: 2/32 MP: 0/0
  2564 | D:2      | Noticed Robin
  3015 | D:2      | Killed Robin
  3016 | D:2      | Reached XP level 5. HP: 30/37 MP: 0/0
  3016 | D:2      | Learned a level 2 spell: Searing Ray
  5232 | D:4      | Reached skill level 2 in Fighting
  5295 | D:4      | Reached XP level 6. HP: 39/43 MP: 0/0
  5395 | D:4      | Found an opulent altar of Gozag.
  5688 | D:4      | Found a transporter.
  5766 | D:4      | Found a transporter.
  6385 | D:5      | Entered Level 5 of the Dungeon
  6434 | D:5      | Noticed a necrophage
  6440 | D:5      | Killed a necrophage
  6517 | D:5      | Reached XP level 7. HP: 42/49 MP: 0/0
  6517 | D:5      | Learned a level 3 spell: Lesser Beckoning
  6594 | D:5      | Noticed Duvessa
  6594 | D:5      | Noticed Dowan
  6620 | D:5      | Killed Duvessa
  6621 | D:5      | Reached skill level 3 in Fighting
  6621 | D:5      | Reached skill level 5 in Spellcasting
  7148 | D:5      | Reached XP level 8. HP: 53/56 MP: 0/0
  7200 | D:5      | Killed Dowan
  7677 | D:6      | Found a runed translucent door.
  7678 | D:6      | Found a shimmering altar of Xom.
  7678 | D:6      | Noticed Olga's ghost (novice HuCj)
  7696 | D:6      | Reached skill level 4 in Fighting
  7916 | D:6      | Reached skill level 5 in Fighting
  7916 | D:6      | Reached skill level 1 in Short Blades
  8238 | D:6      | Reached skill level 6 in Fighting
  8244 | D:6      | Reached XP level 9. HP: 56/66 MP: 0/0
  8244 | D:6      | Learned a level 4 spell: Ice Form
  8314 | D:6      | Found Edyuz's Weapon Shoppe.
  8741 | D:6      | Reached skill level 7 in Fighting
  9022 | D:6      | Noticed a +1 hand axe of chaos
  9059 | D:6      | Found an iron altar of Okawaru.
  9059 | D:6      | Found a hazy altar of Hepliaklqana.
  9727 | D:7      | Reached skill level 8 in Fighting
  9805 | D:7      | Found a stormy altar of Qazlal.
  9944 | D:7      | Found a staircase to the Ecumenical Temple.
  9980 | Temple   | Entered the Ecumenical Temple
 10049 | Temple   | Became a worshipper of Makhleb the Destroyer
 10549 | D:7      | Reached skill level 1 in Invocations
 10807 | D:7      | Found a blossoming altar of Fedhas.
 10909 | D:8      | Noticed a two-headed ogre
 11135 | D:8      | Reached * piety under Makhleb
 11279 | D:8      | Reached XP level 10. HP: 65/77 MP: 0/0
 11284 | D:8      | Reached skill level 9 in Fighting
 11589 | D:8      | Found a sand-covered staircase.
 11593 | Ossuary  | Entered an ossuary
 12038 | D:8      | Killed a two-headed ogre
 12038 | D:8      | Reached ** piety under Makhleb
 12039 | D:8      | Reached skill level 5 in Invocations
 12219 | D:8      | Found a white marble altar of Elyvilon.
 12430 | D:8      | Found a bloodstained altar of Trog.
 12572 | D:9      | Found a snail-covered altar of Cheibriados.
 12879 | D:9      | Reached skill level 10 in Fighting
 13093 | D:9      | Found a sparkling altar of Nemelex Xobeh.
 14135 | D:10     | Entered Level 10 of the Dungeon
 14168 | D:10     | Found a glowing silver altar of Zin.
 14267 | D:10     | Found a shadowy altar of Dithmenos.
 14305 | D:10     | Noticed a two-headed ogre
 14325 | D:10     | Killed a two-headed ogre
 14326 | D:10     | Reached skill level 11 in Fighting
 14326 | D:10     | Reached XP level 11. HP: 23/87 MP: 0/0
 14326 | D:10     | Learned a level 4 spell: Animate Armour
 14778 | D:10     | Noticed a two-headed ogre
 14787 | D:10     | Killed a two-headed ogre
 14788 | D:10     | Reached skill level 12 in Fighting
 14928 | D:10     | Found a staircase to the Lair.
 15078 | D:10     | Noticed Gastronok
 15101 | D:10     | Killed Gastronok
 15102 | D:10     | Reached skill level 13 in Fighting
 15154 | D:10     | Found a staircase to the Orcish Mines.
 15226 | D:10     | Found Muidot's Armour Boutique.
 15352 | D:11     | Noticed a cyclops
 15407 | D:11     | Found Ufitub's Antique Weapon Shop.
 15472 | D:11     | HP: 4/92 [spore (7)]
 15768 | D:11     | Found a frozen archway.
 15777 | IceCv    | Entered an ice cave
 16035 | IceCv    | Reached *** piety under Makhleb
 17040 | IceCv    | Slain by an entropy weaver simulacrum

Illustrated notes

Levels and vault maps discovered:
D:1:      erik_arrival_orb_chamber, layout_basic
D:2:      layout_loops_ring, shapermc_ecumenical_altar_mp_highgroup, uniq_robin,
          uniq_terence
D:3:      kennysheep_the_goblin_king, layout_loops_cross
D:4:      gammafunk_wand_slinger, layout_basic, lemuel_tele_altar
D:5:      layout_rooms, uniq_duvessa
D:6:      layout_layer_cave, gammafunk_temple_overflow_elements,
          ebering_ghost_xom, serial_shops, nicolae_shop_bloodbath_and_beyond
D:7:      layout_loops_ring, fedhas_altar_decomposition, grunt_qazlal_clouds,
          minmay_temple_entry_statues_pillars,
          nicolae_concentric_dashed_squares_mild, water_maze_lemuel
D:8:      layout_cave_pools, mainiacjoe_overflow_catwalk,
          mainiacjoe_overflow_swirl, lightli_ossuary_entry_decrepit_ruins,
          serial_bayou, serial_bayou_pond_c, serial_bayou_pond_c,
          serial_bayou_lagoon_b
D:9:      layout_loops_ring, slow_altar_1, nemelex_spade_bored_becter
D:10:     layout_roguey, mainiacjoe_overflow_alcove_4, amcnicky_altar_gilded,
          lair_entry_dummy, orc_0_dummy, serial_shops, shop,
          minmay_misc_feat_columns, uniq_gastronok
D:11:     layout_loops_ring, nicolae_trove_entry_diagonal, serial_shops,
          nicolae_stop_n_shop_2, portal_ice_cave_entry_pillars_2
Temple:   eino_temple_lava
IceCv:    ice_cave_tombish

Skill      XL: |  1  2  3  4  5  6  7  8  9 10 11 |
---------------+----------------------------------+-----
Spellcasting   | 3 4 5 6 |  6.0
Fighting       | 1 2 3 6 8 11 13 | 13.7
Stealth        | 2 3 |  3.0
Dodging        | 3 |  3.0
Short Blades   | 1 3 |  3.0
Invocations    | 3 6 |  6.0

Action                   |  1- 3 |  4- 6 |  7- 9 | 10-12 || total
-------------------------+-------+-------+-------+-------++-------
Melee: Unarmed           |     2 |       |       |    40 ||    42
       Mace              |     8 |    25 |       |       ||    33
       Short sword       |       |       |     8 |    11 ||    19
       Punch             |       |       |       |     1 ||     1
 Cast: Foxfire           |    76 |   100 |   177 |   173 ||   526
       Scorch            |     8 |    24 |    52 |    75 ||   159
       Inner Flame       |       |     4 |    15 |    23 ||    42
       Conjure Flame     |       |       |     2 |     1 ||     3
       Ice Form          |       |       |     1 |     9 ||    10
       Summon Small Mamm |       |       |       |     4 ||     4
       Searing Ray       |       |       |       |     7 ||     7
       Flame Wave        |       |       |       |    12 ||    12
       Animate Armour    |       |       |       |     1 ||     1
 Abil: End Transformatio |       |       |     1 |     4 ||     5
  Use: Scroll            |       |     1 |     4 |     4 ||     9
       Potion            |       |       |     1 |     8 ||     9
 Stab: Sleeping          |     1 |     6 |       |       ||     7
       Distracted        |     1 |       |       |       ||     1
Armor: Robe              |     1 |    10 |     5 |    19 ||    35
       Skin              |       |       |       |    40 ||    40
Dodge: Dodged            |    15 |    40 |    27 |    82 ||   164
